 Dungeon Crawl Stone Soup version 0.26.1-10-gdfb7c7de75 (webtiles) character file.

Game seed: 806543189999447195

10349 CrazyMind the Dealer of Despair (level 11, -1/83 HPs)
             Began as a Gnoll Necromancer on Apr 11, 2021.
             Was an Elder of Kikubaaqudgha.
             Slain by a worm (4 damage)
             ... while petrified by a basilisk
             ... on level 2 of the Lair of Beasts on Apr 12, 2021.
             The game lasted 01:13:07 (16180 turns).

CrazyMind the Dealer of Despair (GnNe)             Turns: 16180, Time: 01:13:13

Health: -1/83      AC:  9    Str: 17    XL:     11   Next: 60%
Magic:  0/23       EV:  2    Int: 24    God:    Kikubaaqudgha [****..]
Gold:   617        SH:  0    Dex: 20    Spells: 6/26 levels left

rFire    . . .     SeeInvis .   u - +4 spear (vamp)
rCold    . . .     Faith    .   i - +0 buckler
rNeg     + + +     Spirit   +   g - +0 steam dragon scales
rPois    ∞         Reflect  .   (no helmet)
rElec    .         Harm     .   c - scarf {repulsion}
rCorr    .         Rampage  .   I - +0 pair of gloves
Will     .....                  k - +0 pair of boots
Stlth    ++++......             U - amulet of Fulefira {Spirit Int+4 Dex+4}
HPRegen  0.23/turn              Q - +6 ring of strength
MPRegen  0.18/turn              (no ring)

@: lethally poisoned (-1 -> -1), petrified, marked, very slightly contaminated,
studying Staves, invisible, repel missiles
A: distributed training, fangs 1, strong nose
a: Renounce Religion, Receive Corpses


You were on level 2 of the Lair of Beasts.
You worshipped Kikubaaqudgha.
Kikubaaqudgha was greatly pleased with you.
You visited 3 branches of the dungeon, and saw 14 of its levels.

You collected 809 gold pieces.
You spent 192 gold pieces at shops.

Inventory:

Hand Weapons
 u - a +4 vampiric spear (weapon)
 B - a +1 mace of holy wrath
Missiles
 b - 329 stones
 e - 39 poisoned darts
 l - 118 sling bullets
 p - 4 curare-tipped darts
 s - 5 silver boomerangs
 y - 18 boomerangs
 z - a throwing net
 A - 205 arrows
 C - 100 bolts
Armour
 c - a scarf of repulsion (worn)
 g - +0 steam dragon scales (worn)
 i - a +0 buckler (worn)
 k - a +0 pair of boots (worn)
 I - a +0 pair of gloves (worn)
 J - a +2 robe of positive energy
 P - a +1 leather armour of cold resistance
 Z - a +2 robe of cold resistance
Jewellery
 Q - a +6 ring of strength (left hand)
 U - the amulet of Fulefira (around neck) {Spirit Int+4 Dex+4}
   (You found it on level 11 of the Dungeon)

   [amulet of guardian spirit]

   It causes incoming damage to be split between your health and magic.
   It affects your intelligence (+4).
   It affects your dexterity (+4).
Wands
 D - a wand of disintegration (33)
 E - a wand of paralysis (4)
 S - a wand of flame (18)
 T - a wand of polymorph (8)
Scrolls
 m - 2 scrolls of remove curse
 n - 4 scrolls of identify
 q - a scroll of fog
 G - 4 scrolls of teleportation
 K - 2 scrolls of immolation
 X - a scroll of magic mapping
 Y - a scroll of holy word
Potions
 d - 10 potions of curing
 f - a potion of lignification
 j - 4 potions of brilliance
 t - 2 potions of invisibility
 w - 2 potions of ambrosia
 x - 2 potions of flight
 F - 2 potions of haste
 L - 3 potions of mutation
Books
 N - a manual of Staves


   Skills:
 + Level 6.4 Fighting
 + Level 6.4 Short Blades
 + Level 6.4 Long Blades
 + Level 6.4 Axes
 + Level 6.4 Maces & Flails
 + Level 6.4 Polearms
 + Level 8.3 Staves
 + Level 6.4 Slings
 + Level 6.4 Bows
 + Level 6.4 Crossbows
 + Level 6.4 Throwing
 + Level 6.4 Armour
 + Level 8.0 Dodging
 + Level 7.8 Stealth
 + Level 6.4 Shields
 + Level 6.4 Unarmed Combat
 + Level 8.2 Spellcasting
 + Level 5.3 Conjurations
 + Level 5.3 Hexes
 + Level 5.3 Summonings
 + Level 9.0 Necromancy
 + Level 5.3 Translocations
 + Level 5.3 Transmutations
 + Level 5.3 Fire Magic
 + Level 5.3 Ice Magic
 + Level 5.3 Air Magic
 + Level 5.3 Earth Magic
 + Level 5.3 Poison Magic
 + Level 7.1 Invocations
 + Level 6.4 Evocations


You had 6 spell levels left.
You knew the following spells:

 Your Spells              Type           Power        Failure   Level
a - Pain                  Necr           100%         1%          1
b - Animate Skeleton      Necr           100%         1%          1
c - Vampiric Draining     Necr           26%          1%          3
d - Animate Dead          Necr           26%          1%          4
e - Agony                 Necr           52%          4%          5
f - Sublimation of Blood  Necr           26%          1%          2
g - Dispel Undead         Necr           52%          1%          4

Your spell library contained the following spells:

 Spells                   Type           Power        Failure   Level
 Confusing Touch          Hex            35%          1%          3
 Gell's Gravitas          Tloc           17%          1%          3
 Cause Fear               Hex            17%          7%          4
 Petrify                  Tmut/Erth      35%          7%          4
 Borgnjor's Vile Clutch   Necr/Erth      22%          9%          5
 Metabolic Englaciation   Hex/Ice        17%          19%         5
 Silence                  Hex/Air        17%          19%         5
 Yara's Violent Unravell  Hex/Tmut       17%          19%         5
 Death Channel            Necr           26%          24%         6
 Haunt                    Necr/Summ      22%          95%         7
 Borgnjor's Revivificati  Necr           26%          100%        8
 Discord                  Hex            17%          100%        8
 Infestation              Necr           26%          100%        8
 Necromutation            Tmut/Necr      22%          100%        8
 Death's Door             Necr           26%          100%        9


Dungeon Overview and Level Annotations

Branches:
Dungeon (11/15)            Temple (1/1) D:5            Lair (2/6) D:10
    Orc (0/2) D:9
  Swamp: Lair:2-4    Shoals: Lair:2-4     Snake: Lair:2-4    Spider: Lair:2-4

Altars:
Ashenzari
Cheibriados
Dithmenos
Elyvilon
Fedhas
Gozag
Hepliaklqana
Kikubaaqudgha
Makhleb
Nemelex Xobeh
Okawaru
Qazlal
Ru
Sif Muna
Trog
Uskayaw
Vehumet
Wu Jian
Xom
Yredelemnul
Zin
The Shining One
Lugonu

Shops:
D:8 !   D:10 (

Annotations:
Lair:1 Gastronok


Innate Abilities, Weirdness & Mutations

Your experience applies equally to all skills.
You have very sharp teeth.
Your uncanny sense of smell can sniff out nearby items.


Message History

The komodo dragon bites you but does no damage.
A death yak comes into view.
The wyvern bites the plant!
The worker ant bites you. The worm bites you. The basilisk bites you.
* * * LOW HITPOINT WARNING * * *
The giant cockroach barely misses you.
The scorpion stings you but does no damage.
A nearby plant withers and dies.
The death yak gores you!!
* * * LOW HITPOINT WARNING * * *
The worker ant bites you but does no damage.
The scorpion stings you but does no damage.
The basilisk gazes at you. You resist with some effort.
The worker ant bites you but does no damage.
The giant cockroach bites you but does no damage.
The death yak gores you!!
* * * LOW HITPOINT WARNING * * *
The worm bites you!
You die...
Kikubaaqudgha rasps: "You have failed me!
Welcome... oblivion!"

+.....#. ..# .... ... #....#..
... ##...P P.. #...... ...#
#...... #..####.....#.....
........##.#.#P.......#..#.
......................##.....
............ww........<†......
...........FBls...............
..........BlB@w..........†....
..........lYYYl...............
..........BFY............####
#PPP......#SY##......#.#.#
##.#.####.....###Y.##.....##....
....(..+....##.....#......#.....
##.....##.....#...........P#.....
......##....#.....#.......#.....
..... #....##...........## ...


You could see 6 death yaks, 2 komodo dragons, a cane toad, a basilisk, a water
moccasin, a wyvern, a bullfrog, 3 worms, a scorpion, a worker ant and 3 giant
cockroaches.

Vanquished Creatures
  2 death yaks
  A two-headed ogre (D:9)
  Joseph (D:8)
  A komodo dragon (Lair:2)
  A troll (D:10)
  Sigmund (D:3)
  3 water elementals (D:10)
  12 yaks
  2 basilisks
  A steam dragon (D:10)
  Duvessa (D:7)
  A water moccasin (Lair:1)
  2 sky beasts
  8 orc warriors
  An ice beast (D:7)
  3 necrophages (D:8)
  A phantom (D:4)
  4 centaurs
  3 ogres
  8 bullfrogs
  Dowan (D:7)
  A water moccasin zombie (D:6)
  4 scorpions
  9 wights
  2 howler monkeys (D:6)
  A quasit (D:8)
  A centaur skeleton (D:6)
  A centaur zombie (D:6)
  2 bullfrog zombies (D:8)
  14 orc wizards
  11 orc priests
  A bullfrog skeleton (D:9)
  A hound (D:4)
  2 jellies
  2 iguanas
  4 worker ants
  2 killer bee zombies
  A hound skeleton (D:6)
  3 worker ant zombies
  11 gnolls
  11 adders
  A shadow imp (D:9)
  2 white imps
  3 ufetubi
  An ooze (D:5)
  2 adder skeletons
  4 worms
  A dart slug (D:2)
  4 leopard geckos
  50 orcs
  6 giant cockroaches
  7 goblins
  6 hobgoblins
  9 jackals
  7 kobolds
  4 quokkas
  A ball python (D:3)
  A ball python skeleton (D:4)
  6 bats
  4 frilled lizards
  A leopard gecko zombie (D:7)
  A quokka zombie (D:5)
  6 rats
  A bush (D:8)
270 creatures vanquished.

Vanquished Creatures (collateral kills)
  Menkaure (D:7)
  A hound zombie (D:6)
  A hound skeleton (D:7)
  5 orcs
8 creatures vanquished.

Vanquished Creatures (others)
  2 fungi (Lair:2)
  13 plants
15 creatures vanquished.

Grand Total: 293 creatures vanquished

Notes
Turn   | Place    | Note
-------+----------+-------------------------------------------
     0 | D:1      | CrazyMind the Gnoll Necromancer began the quest for the
                  | Orb.
     0 | D:1      | Reached XP level 1. HP: 13/13 MP: 6/6
    23 | D:1      | Learned a level 1 spell: Animate Skeleton
   213 | D:1      | Reached XP level 2. HP: 13/19 MP: 3/7
   804 | D:2      | Found a faded altar of an unknown god.
  1033 | D:2      | Reached XP level 3. HP: 21/25 MP: 5/9
  1037 | D:2      | Learned a level 3 spell: Vampiric Draining
  1081 | D:2      | Reached skill level 5 in Spellcasting
  1509 | D:2      | Reached skill level 1 in Invocations
  1968 | D:3      | Noticed an ogre
  1970 | D:3      | Reached skill level 1 in Fighting
  1970 | D:3      | Reached skill level 1 in Short Blades
  1970 | D:3      | Reached skill level 1 in Long Blades
  1970 | D:3      | Reached skill level 1 in Axes
  1970 | D:3      | Reached skill level 1 in Maces & Flails
  1970 | D:3      | Reached skill level 1 in Polearms
  1970 | D:3      | Reached skill level 1 in Staves
  1970 | D:3      | Reached skill level 1 in Slings
  1970 | D:3      | Reached skill level 1 in Bows
  1970 | D:3      | Reached skill level 1 in Crossbows
  1970 | D:3      | Reached skill level 1 in Throwing
  1970 | D:3      | Reached skill level 1 in Armour
  1970 | D:3      | Reached skill level 1 in Shields
  1970 | D:3      | Reached skill level 1 in Unarmed Combat
  1970 | D:3      | Reached skill level 1 in Evocations
  2330 | D:3      | Reached XP level 4. HP: 29/32 MP: 7/11
  2533 | D:3      | Reached skill level 1 in Conjurations
  2533 | D:3      | Reached skill level 1 in Hexes
  2533 | D:3      | Reached skill level 1 in Summonings
  2533 | D:3      | Reached skill level 1 in Translocations
  2533 | D:3      | Reached skill level 1 in Transmutations
  2533 | D:3      | Reached skill level 1 in Fire Magic
  2533 | D:3      | Reached skill level 1 in Ice Magic
  2533 | D:3      | Reached skill level 1 in Air Magic
  2533 | D:3      | Reached skill level 1 in Earth Magic
  2533 | D:3      | Reached skill level 1 in Poison Magic
  2755 | D:3      | Reached XP level 5. HP: 16/37 MP: 5/12
  3085 | D:3      | Learned a level 4 spell: Animate Dead
  3091 | D:3      | Learned a level 5 spell: Agony
  3256 | D:3      | Noticed Sigmund
  3281 | D:3      | Found an ornate altar of the Wu Jian Council.
  3694 | D:3      | Killed an ogre
  3695 | D:3      | Reached skill level 5 in Dodging
  3695 | D:3      | Reached XP level 6. HP: 20/44 MP: 3/14
  3877 | D:3      | Found a blossoming altar of Fedhas.
  3996 | D:3      | Killed Sigmund
  3997 | D:3      | Reached XP level 7. HP: 45/50 MP: 0/15
  4218 | D:4      | Found a hazy altar of Hepliaklqana.
  4687 | D:4      | Found an iron altar of Okawaru.
  4916 | D:4      | Reached skill level 5 in Stealth
  5017 | D:5      | Entered Level 5 of the Dungeon
  5049 | D:5      | Found a white marble altar of Elyvilon.
  5246 | D:5      | Found a broken altar of Ashenzari.
  5347 | D:5      | Found a staircase to the Ecumenical Temple.
  5459 | Temple   | Entered the Ecumenical Temple
  5502 | Temple   | Became a worshipper of Kikubaaqudgha
  5715 | D:5      | Reached XP level 8. HP: 52/57 MP: 1/16
  6579 | D:6      | Reached * piety under Kikubaaqudgha
  6579 | D:6      | Identified Kikubaaqudgha's Compendium of Sinister Magic
                  | (Kikubaaqudgha gifted it to you on level 6 of the Dungeon)
  6579 | D:6      | Received a gift from Kikubaaqudgha
  6631 | D:5      | Learned a level 2 spell: Sublimation of Blood
  7107 | D:6      | Reached XP level 9. HP: 57/65 MP: 5/18
  7560 | D:7      | Noticed Duvessa
  7565 | D:7      | Noticed Dowan
  7570 | D:7      | Killed Duvessa
  7582 | D:7      | Killed Dowan
  7818 | D:7      | Reached ** piety under Kikubaaqudgha
  7965 | D:7      | Found a radiant altar of Vehumet.
  7969 | D:7      | Noticed Menkaure
  8076 | D:8      | Noticed Joseph
  8111 | D:7      | Killed Menkaure
  8447 | D:7      | Reached skill level 8 in Necromancy
  8726 | D:7      | Found an opulent altar of Gozag.
  8934 | D:8      | Killed Joseph
  9104 | D:8      | Found a blossoming altar of Fedhas.
  9195 | D:8      | Reached skill level 5 in Staves
  9201 | D:8      | Reached skill level 5 in Invocations
  9283 | D:8      | Found a glowing golden altar of the Shining One.
  9287 | D:8      | Found a stormy altar of Qazlal.
  9292 | D:8      | Found a sacrificial altar of Ru.
  9347 | D:8      | Found a basalt altar of Yredelemnul.
  9390 | D:8      | Found a sparkling altar of Nemelex Xobeh.
  9848 | D:8      | Found Wiopuzew's Distillery.
  9856 | D:8      | Bought 2 potions of brilliance for 96 gold pieces
  9856 | D:8      | Bought a potion of mutation for 96 gold pieces
 10318 | D:8      | Reached XP level 10. HP: 62/73 MP: 13/20
 10811 | D:8      | Reached *** piety under Kikubaaqudgha
 10811 | D:8      | Identified Kikubaaqudgha's Papyrus of Unholy Rituals
                  | (Kikubaaqudgha gifted it to you on level 8 of the Dungeon)
 10811 | D:8      | Received a gift from Kikubaaqudgha
 10812 | D:8      | Reached skill level 5 in Fighting
 10812 | D:8      | Reached skill level 5 in Short Blades
 10812 | D:8      | Reached skill level 5 in Long Blades
 10812 | D:8      | Reached skill level 5 in Axes
 10812 | D:8      | Reached skill level 5 in Maces & Flails
 10812 | D:8      | Reached skill level 5 in Polearms
 10812 | D:8      | Reached skill level 5 in Slings
 10812 | D:8      | Reached skill level 5 in Bows
 10812 | D:8      | Reached skill level 5 in Crossbows
 10812 | D:8      | Reached skill level 5 in Throwing
 10812 | D:8      | Reached skill level 5 in Armour
 10812 | D:8      | Reached skill level 5 in Shields
 10812 | D:8      | Reached skill level 5 in Unarmed Combat
 10812 | D:8      | Reached skill level 5 in Evocations
 10829 | D:7      | Learned a level 4 spell: Dispel Undead
 11053 | D:9      | Found a staircase to the Orcish Mines.
 11106 | D:9      | Noticed a two-headed ogre
 11128 | D:9      | Killed a two-headed ogre
 11341 | D:9      | Found a hide-covered altar of Uskayaw.
 11424 | D:9      | You fall into a shaft and drop 2 floors!
 11795 | D:11     | Got a smoking jade amulet
 11796 | D:11     | Identified the amulet of Fulefira {Spirit Int+4 Dex+4} (You
                  | found it on level 11 of the Dungeon)
 11830 | D:10     | Entered Level 10 of the Dungeon
 11830 | D:10     | Found Qilamilo's Antique Weapon Emporium.
 12633 | D:10     | Noticed a two-headed ogre
 13670 | D:10     | Noticed a death yak
 13670 | D:10     | Noticed a death yak
 13671 | D:10     | Noticed a death yak
 13915 | D:10     | Killed a death yak
 13916 | D:10     | Reached XP level 11. HP: 38/81 MP: 1/22
 14065 | D:9      | Killed a death yak
 14205 | D:10     | Found a staircase to the Lair.
 14274 | D:10     | Reached skill level 5 in Conjurations
 14274 | D:10     | Reached skill level 5 in Hexes
 14274 | D:10     | Reached skill level 5 in Summonings
 14274 | D:10     | Reached skill level 5 in Translocations
 14274 | D:10     | Reached skill level 5 in Transmutations
 14274 | D:10     | Reached skill level 5 in Fire Magic
 14274 | D:10     | Reached skill level 5 in Ice Magic
 14274 | D:10     | Reached skill level 5 in Air Magic
 14274 | D:10     | Reached skill level 5 in Earth Magic
 14274 | D:10     | Reached skill level 5 in Poison Magic
 14402 | D:10     | Reached **** piety under Kikubaaqudgha
 15172 | Lair:1   | Entered Level 1 of the Lair of Beasts
 15527 | Lair:1   | Reached skill level 9 in Necromancy
 15778 | Lair:1   | Noticed Gastronok
 15932 | Lair:1   | Identified a scroll of acquirement
 15933 | Lair:1   | Acquired a Necronomicon
 16161 | Lair:2   | Noticed a death yak
 16162 | Lair:2   | Noticed a death yak
 16172 | Lair:2   | Noticed a death yak
 16175 | Lair:2   | Noticed a death yak
 16175 | Lair:2   | Noticed a death yak
 16178 | Lair:2   | Noticed a death yak
 16180 | Lair:2   | HP: 3/83 [death yak (8)]
 16180 | Lair:2   | Slain by a worm

Illustrated notes

Levels and vault maps discovered:
D:1:      lightli_arrival_farm, layout_rooms
D:2:      layout_loops_ring, chequers_ecumenical_altar_island
D:3:      layout_basic, lemuel_doored_altar, old_standard_altar,
          corexii_leaking_fountain, uniq_sigmund
D:4:      layout_rooms, nzn_hepliaklqana_mist_gate, okawaru_ov_weapons_minmay,
          mrwooster_statue_mirror, kennysheep_diamond, hangedman_decor_riveting
D:5:      layout_loops_ring, evilmike_ruin_ashenzari, elyvilon_altar_5,
          minmay_temple_entry_proselytizer
D:6:      layout_rooms, minmay_manual_mail
D:7:      layout_cave_pools, vehumet_altar_wand_db,
          lemuel_coloured_pillars_altar, uniq_menkaure, uniq_duvessa
D:8:      layout_rooms, general_overflow_altar, nemelex_altar_shiori,
          minmay_overflow_temple_star_quad, serial_shops,
          nicolae_shop_statue_plus, fedhas_altar_decomposition, uniq_joseph
D:9:      layout_rooms, nicolae_overflow_hidden_temple, david_orc_4,
          serial_glass, glass_columns_a, glass_columns_b, glass_columns_b,
          grunt_ministairs_13
D:10:     layout_layer_cave, dpeg_lair_monsters, serial_shops,
          nicolae_shop_temple_entry_statues_fountains, minivault_22,
          nicolae_underground_beach
D:11:     layout_gridville
Temple:   corrupted_temple
Lair:1:   layout_misc_corridors, uniq_gastronok
Lair:2:   layout_regular_city, nicolae_spider_entry_non_spiders,
          minmay_lair_oklob_chamber

Skill      XL: |  1  2  3  4  5  6  7  8  9 10 11 |
---------------+----------------------------------+-----
Spellcasting   | 5 6 7 8 |  8.2
Invocations    | 1 2 3 4 5 6 7 |  7.1
Fighting       | 1 2 3 4 5 6 |  6.4
Short Blades   | 1 2 3 4 5 6 |  6.4
Long Blades    | 1 2 3 4 5 6 |  6.4
Axes           | 1 2 3 4 5 6 |  6.4
Maces & Flails | 1 2 3 4 5 6 |  6.4
Polearms       | 1 2 3 4 5 6 |  6.4
Staves         | 1 2 3 5 7 8 |  8.3
Slings         | 1 2 3 4 5 6 |  6.4
Bows           | 1 2 3 4 5 6 |  6.4
Crossbows      | 1 2 3 4 5 6 |  6.4
Throwing       | 1 2 3 4 5 6 |  6.4
Armour         | 1 2 3 4 5 6 |  6.4
Shields        | 1 2 3 4 5 6 |  6.4
Unarmed Combat | 1 2 3 4 5 6 |  6.4
Evocations     | 1 2 3 4 5 6 |  6.4
Conjurations   | 1 2 3 4 5 |  5.3
Hexes          | 1 2 3 4 5 |  5.3
Summonings     | 1 2 3 4 5 |  5.3
Translocations | 1 2 3 4 5 |  5.3
Transmutations | 1 2 3 4 5 |  5.3
Fire Magic     | 1 2 3 4 5 |  5.3
Ice Magic      | 1 2 3 4 5 |  5.3
Air Magic      | 1 2 3 4 5 |  5.3
Earth Magic    | 1 2 3 4 5 |  5.3
Poison Magic   | 1 2 3 4 5 |  5.3
Dodging        | 5 6 7 8 |  8.0
Stealth        | 5 6 7 |  7.8
Necromancy     | 8 9 |  9.0

Action                   |  1- 3 |  4- 6 |  7- 9 | 10-12 || total
-------------------------+-------+-------+-------+-------++-------
Melee: Bite              |     1 |       |    20 |    63 ||    84
       Dagger            |     1 |       |       |       ||     1
       Short sword       |       |     4 |       |       ||     4
       Spear             |       |       |   246 |   325 ||   571
       Mace              |       |       |       |    49 ||    49
Throw: Boomerang         |       |       |       |     9 ||     9
       Dart              |       |       |       |     2 ||     2
 Cast: Pain              |    73 |    52 |   162 |    60 ||   347
       Vampiric Draining |       |     7 |    41 |    43 ||    91
       Animate Dead      |       |     2 |    13 |     5 ||    20
       Animate Skeleton  |       |     1 |       |       ||     1
       Sublimation of Bl |       |       |     1 |     3 ||     4
       Dispel Undead     |       |       |       |    14 ||    14
       Agony             |       |       |       |    11 ||    11
Evoke: Wand              |       |       |     9 |    11 ||    20
  Use: Scroll            |     4 |       |     9 |     9 ||    22
       Potion            |       |       |       |     6 ||     6
 Stab: Sleeping          |       |     2 |    10 |     3 ||    15
       Distracted        |       |     1 |       |     2 ||     3
Armor: Leather armour    |     1 |     1 |    35 |    21 ||    58
       Steam dragon scal |       |       |       |    52 ||    52
       Skin              |       |       |       |     1 ||     1
Dodge: Dodged            |     2 |     7 |   225 |   250 ||   484
       Repelled          |       |       |     1 |     1 ||     2
Block: Buckler           |     3 |     1 |    62 |    88 ||   154
